 Dungeon Crawl Stone Soup version 0.20.1-1-g8b1a95d (webtiles) character file.

247 Megalobster the Covered (level 5, -2/49 HPs)
             Began as a Deep Dwarf Fighter on Aug 1, 2017.
             Slain by a worm (3 damage)
             ... on level 2 of the Dungeon.
             The game lasted 00:05:53 (1177 turns).

Megalobster the Covered (Deep Dwarf Fighter)        Turns: 1177, Time: 00:05:54

Health: -2/49      AC: 11    Str: 21    XL:     5   Next: 85%
Magic:  5/5        EV:  5    Int:  8    God:
Gold:   41         SH: 10    Dex: 12    Spells: 4/4 levels left

rFire    . . .     SeeInvis .   a - +0 war axe
rCold    . . .     Gourm    .   c - +0 shield
rNeg     . . .     Faith    .   s - +0 chain mail
rPois    .         Spirit   .   (no helmet)
rElec    .         Reflect  .   (no cloak)
rCorr    .         Harm     .   (no gloves)
MR       .....                  l - +1 pair of boots
Stlth    ..........             i - amulet of regeneration
Regen    0.0/turn               (no ring)
MPRegen  0.1/turn               (no ring)

@: lethally poisoned (-2 -> -2), non-regenerating
A: damage resistance, heal wounds, sense surroundings 1, no regeneration
a: Heal Wounds


You were on level 2 of the Dungeon.
You were not hungry.

You visited 1 branch of the dungeon, and saw 2 of its levels.

You collected 41 gold pieces.

Inventory:

Hand Weapons
 a - a +0 war axe (weapon)
 r - a +0 hunting sling
 w - a +0 hunting sling
Missiles
 k - 25 sling bullets
 p - 46 stones (quivered)
 q - 16 poisoned needles
 y - 6 tomahawks
Armour
 b - a +0 scale mail
 c - a +0 shield (worn)
 l - a +1 pair of boots (worn)
 s - a +0 chain mail (worn)
Jewellery
 i - an amulet of regeneration (around neck)
Scrolls
 d - a scroll of identify {unknown}
 e - 2 scrolls of remove curse
 g - 2 scrolls of enchant weapon {unknown}
 m - 3 scrolls of magic mapping {unknown}
 o - a scroll of amnesia {unknown}
 t - a scroll of teleportation {unknown}
 x - 2 scrolls of enchant armour {unknown}
Potions
 j - a potion of flight
 n - a potion of curing
 v - a potion of lignification
Books
 u - a book of Maledictions

   Spells                             Type                      Level
   a - Corona                         Hexes                        1
   b - Ensorcelled Hibernation        Hexes/Ice                    2
   c - Confuse                        Hexes                        3
   d - Tukima's Dance                 Hexes                        3
   e - Dazzling Spray                 Conjuration/Hexes            3
Comestibles
 f - a bread ration
 h - 2 royal jellies
 z - 6 chunks of flesh


   Skills:
 + Level 3.5 Fighting
 * Level 4.3 Axes
 + Level 4.5 Armour
 + Level 4.4 Shields


You had 4 spell levels left.
You didn't know any spells.

Dungeon Overview and Level Annotations

Branches:
Dungeon (2/15)

Altars:
Ashenzari
Kikubaaqudgha


Innate Abilities, Weirdness & Mutations

You are resistant to damage.
You can heal yourself by infusing magical energy.
You passively map a small area around you.
You do not regenerate.


Message History

The adder is almost dead.
You block the adder's attack. x2
You miss the adder.
The adder is almost dead.
The adder bites you but does no damage. x2
You closely miss the adder.
The adder is almost dead.
The adder bites you.
* * * LOW HITPOINT WARNING * * *
You slash the adder!
You kill the adder!
The worm bites you!
* * * LOW HITPOINT WARNING * * *
You hit the worm.
The worm is lightly wounded.
You block the worm's attack.
You slash the worm!
The worm is heavily wounded.
The worm bites you.
You die...

#[#.####.........###....
#..........###....# # ##
###.###....#_#....# ##.
####)#
#....#+#....####..
#....#
######.#####.....#
#....# ####..####.....#
#....## #..........###.#
#.....####..........#
#..
#......w@..[........#
###
#..####.####........# #
#.. *..... #........#
#..#.......#........#
#..#[.....S#........#
#......_......#######
..#.......#..
..#.......#.. * *#


You could see a worm.

Vanquished Creatures
  Sigmund (D:2)
  Terence (D:2)
  An adder (D:2)
  A worm (D:2)
  A leopard gecko (D:2)
  6 bats
  6 giant cockroaches
  5 hobgoblins
  2 jackals (D:1)
  3 quokkas (D:2)
  2 frilled lizards
  4 goblins
  7 kobolds
  3 rats
43 creatures vanquished.

Notes
Turn   | Place    | Note
-------+----------+-------------------------------------------
     0 | D:1      | Megalobster the Deep Dwarf Fighter began the quest for the Orb.
     0 | D:1      | Reached XP level 1. HP: 20/20 MP: 1/1
    83 | D:1      | Reached XP level 2. HP: 24/27 MP: 2/2
   615 | D:2      | Noticed Terence
   622 | D:2      | Killed Terence
   622 | D:2      | Reached XP level 3. HP: 29/34 MP: 3/3
   762 | D:2      | Noticed Sigmund
   801 | D:2      | Killed Sigmund
   801 | D:2      | Reached XP level 4. HP: 7/42 MP: 4/4
   801 | D:2      | Reached XP level 5. HP: 9/49 MP: 5/5
  1120 | D:2      | Found a shattered altar of Ashenzari.
  1160 | D:2      | Found an ancient bone altar of Kikubaaqudgha.
  1175 | D:2      | HP: 1/49 [worm (5)]
  1177 | D:2      | Slain by a worm

Skill      XL: |  1  2  3 |
---------------+----------+-----
Fighting       | 3 |  3.5
Axes           | 3 4 |  4.3
Armour         | 4 |  4.5
Shields        | 4 |  4.4

Action                   |  1- 3 |  4- 6 || total
-------------------------+-------+-------++-------
Melee: War axe           |   129 |    28 ||   157
Throw: Stone             |     2 |       ||     2
  Use: Scroll            |     1 |       ||     1
       Potion            |     1 |     2 ||     3
  Eat: Chunk             |       |     1 ||     1
Armor: Scale mail        |    27 |       ||    27
       Chain mail        |    69 |    12 ||    81
Dodge: Dodged            |    48 |     4 ||    52
Block: Shield            |    85 |    15 ||   100
